Sewer Rats vs Griffins
Created - February 25, 2020 at 19:34
Goals
|
| Sewer Rats |
1 |
0 |
0 |
1 |
| Griffins |
1 |
1 |
1 |
3 |
|
Shots
|
| Sewer Rats |
12 |
9 |
7 |
28 |
| Griffins |
14 |
8 |
12 |
34 |
|
1st period
1. Sewer Rats , Erik Condra 29 (Daniel Carr 24, Nick Cousins 24) at 8:18
2. Griffins , Anton Slepyshev 9 (Brandon Pirri 16, Haydn Fleury 3) at 13:23
Penalties :
Erik Condra (Tol) for Tripping (Minor) at 10:00
2nd period
3. Griffins , Nathan Gerbe 15 (Marko Dano 47, Tye McGinn 38) at 16:47
Penalties :
Nathan Gerbe (Cap) for Roughing (Minor) at 5:34, Tyler Motte (Tol) for Hooking (Minor) at 17:54
3rd period
4. Griffins , Simon Despres 5 (Haydn Fleury 4, Ben Hanowski 23) at 3:38
Penalties :
Simon Despres (Cap) for Roughing (Minor) at 4:42, Nathan Gerbe (Cap) for Interference (Minor) at 11:10, Tomas Tatar (Tol) for Holding (Minor) at 16:37
Goalie Stats
Marek Mazanek (Tol), 31 saves from 34 shots - (0.912), L, 26-9-3, 60:00 minutes
Olivier Roy (Cap), 27 saves from 28 shots - (0.964), W, 20-10-1, 60:00 minutes
Players Stats for Sewer Rats
Player Name G A P +/- PIM S H SB GA TA FO MP PP MP PK MP
------------------------------------------------------------------------------------
Anthony Duclair 0 0 0 0 0 1 1 0 2 0 1/2 14:38 0:00 1:46
Connor Carrick 0 0 0 -2 0 0 1 0 0 2 0/0 10:32 0:00 0:00
Daniel Carr 0 1 1 0 0 2 1 1 0 1 0/0 17:44 2:23 1:17
Dmitrij Jaskin 0 0 0 0 0 0 1 1 0 0 1/1 8:20 0:00 0:00
Erik Condra 1 0 1 0 2 5 1 0 0 0 0/0 17:19 2:23 0:32
Jarred Tinordi 0 0 0 0 0 1 2 1 0 1 0/0 24:36 3:05 3:21
Joel Edmundson 0 0 0 0 0 0 1 1 0 1 0/0 18:57 2:52 2:36
John Ramage 0 0 0 -2 0 0 1 0 0 0 0/0 10:32 0:00 0:00
Jonathan Marchessault 0 0 0 -2 0 1 2 0 1 0 14/26 18:43 3:34 1:12
Jonathan Racine 0 0 0 0 0 0 0 0 0 0 0/0 5:55 0:00 0:00
Joseph Blandisi 0 0 0 0 0 0 0 0 0 0 1/1 7:53 0:00 0:31
Mark Mancari 0 0 0 -2 0 5 2 1 1 0 4/7 25:23 3:33 3:18
Martin Frk 0 0 0 0 0 2 0 0 0 0 0/1 14:08 0:01 0:00
Nick Cousins 0 1 1 0 0 5 1 0 1 0 9/14 17:24 2:23 0:59
Stefan Elliott 0 0 0 0 0 2 0 6 0 1 0/0 24:36 3:05 3:21
Steven Kampfer 0 0 0 0 0 1 1 4 0 2 0/0 18:57 2:52 2:36
Tomas Tatar 0 0 0 -2 2 3 1 1 0 0 0/1 20:17 3:34 2:19
Tyler Motte 0 0 0 0 2 0 3 0 0 0 1/8 12:11 0:00 0:00
Xavier Ouellet 0 0 0 0 0 0 1 0 0 1 0/0 5:55 0:00 0:00
Players Stats for Griffins
Player Name G A P +/- PIM S H SB GA TA FO MP PP MP PK MP
------------------------------------------------------------------------------------
Anton Slepyshev 1 0 1 1 0 2 3 0 0 0 1/1 12:58 1:56 0:00
Ben Hanowski 0 1 1 1 0 3 2 0 1 0 1/2 16:20 1:56 1:33
Brandon Pirri 0 1 1 1 0 5 0 1 2 0 0/0 13:12 0:07 0:58
Brendan Woods 0 0 0 1 0 2 1 0 0 0 5/6 15:08 0:00 3:18
Dylan Larkin 0 0 0 1 0 4 0 1 1 0 6/15 14:37 1:56 0:02
Gord Baldwin 0 0 0 0 0 0 0 1 1 0 0/0 12:09 0:00 3:12
Haydn Fleury 0 2 2 2 0 1 2 3 0 0 0/0 20:56 0:00 3:12
Ian McCoshen 0 0 0 0 0 0 0 0 0 0 0/0 8:10 0:00 0:00
Marcus Pettersson 0 0 0 1 0 0 1 1 0 0 0/0 17:03 2:29 0:00
Marko Dano 0 1 1 0 0 1 1 0 2 0 2/3 19:31 3:54 1:33
Mirco Mueller 0 0 0 -1 0 0 1 2 0 0 0/0 10:23 0:00 2:45
Nathan Gerbe 1 0 1 0 4 2 0 0 0 0 8/18 15:48 0:10 0:26
Nicholas Baptiste 0 0 0 0 0 1 1 0 1 0 0/0 9:17 0:00 0:00
Petter Granberg 0 0 0 1 0 1 2 0 0 1 0/0 17:13 3:28 0:00
Phil Oreskovic 0 0 0 -1 0 2 1 1 0 0 0/0 13:51 3:28 2:45
Rourke Chartier 0 0 0 0 0 1 0 0 0 0 4/7 9:35 0:00 0:00
Simon Despres 1 0 1 2 2 5 0 2 0 2 0/0 20:33 2:29 0:00
Sonny Milano 0 0 0 0 0 1 1 0 0 0 0/1 9:17 0:00 0:00
Teuvo Teravainen 0 0 0 1 0 1 0 1 1 1 0/0 16:55 3:54 0:45
Tye McGinn 0 1 1 0 0 2 1 0 0 1 3/8 21:04 3:58 3:19
3 Stars
1 - Haydn Fleury (Cap)
2 - Olivier Roy (Cap)
3 - Anton Slepyshev (Cap)
Power Play
Sewer Rats - 0 on 3 Attempt(s) - 0.00%
Griffins - 0 on 3 Attempt(s) - 0.00%
Penalty Kill
Sewer Rats - 3 on 3 Attempt(s) - 100.00%
- Score 0 goal in Penalty Kill
Griffins - 3 on 3 Attempt(s) - 100.00%
- Score 0 goal in Penalty Kill
Team Stat
Sewer Rats - Hits : 20 - Faceoff Wins : 31 - Blocked Shots : 16 - Penalty Minutes : 6
Griffins - Hits : 17 - Faceoff Wins : 30 - Blocked Shots : 13 - Penalty Minutes : 6
Official
Referees : Unknown
Linesman : Unknown
Game Notes
No Game Note
Finance
Level 1 -- Attendance: 1669 (83.45%) -- Ticket Income $58,415
Level 2 -- Attendance: 653 (65.30%) -- Ticket Income $13,060
Total Attendance: 2322 (77.40%)
Total Ticket Income: $71,475
Other Income: $3,574
Total Income: $75,049
Sewer Rats
5 vs 5 Forward
Center Left Wing Right Wing Time % Phy DF OF
1 Jonathan Marchessault Tomas Tatar Mark Mancari 40 1 2 2
2 Nick Cousins Daniel Carr Erik Condra 30 1 2 2
3 Tyler Motte Anthony Duclair Martin Frk 20 1 2 2
4 Mark Mancari Joseph Blandisi Dmitrij Jaskin 10 1 2 2
5 vs 5 Defense
Defense Defense Time % Phy DF OF
1 Jarred Tinordi Stefan Elliott 40 1 2 2
2 Steven Kampfer Joel Edmundson 30 1 2 2
3 John Ramage Connor Carrick 20 1 2 2
4 Xavier Ouellet Jonathan Racine 10 1 2 2
PowerPlay Forward
Center Left Wing Right Wing Time % Phy DF OF
1 Jonathan Marchessault Tomas Tatar Mark Mancari 60 1 2 2
2 Nick Cousins Daniel Carr Erik Condra 40 1 2 2
PowerPlay Defense
Defense Defense Time % Phy DF OF
1 Jarred Tinordi Stefan Elliott 60 1 2 2
2 Steven Kampfer Joel Edmundson 40 1 2 2
Penalty Kill 4 Players Forward
Center Wing Time % Phy DF OF
1 Mark Mancari Tomas Tatar 60 1 2 2
2 Erik Condra Jonathan Marchessault 40 1 2 2
Penalty Kill 4 Players Defense
Defense Defense Time % Phy DF OF
1 Jarred Tinordi Stefan Elliott 60 1 2 2
2 Steven Kampfer Joel Edmundson 40 1 2 2
Penalty Kill - 3 Players Forward
Forward Time % Phy DF OF
1 Mark Mancari 60 1 2 2
2 Tomas Tatar 40 1 2 2
Penalty Kill - 3 Players Defense
Defense Defense Time % Phy DF OF
1 Jarred Tinordi Stefan Elliott 60 1 2 2
2 Steven Kampfer Joel Edmundson 40 1 2 2
4 vs 4 Forward
Center Wing Time % Phy DF OF
1 Mark Mancari Tomas Tatar 60 1 2 2
2 Erik Condra Jonathan Marchessault 40 1 2 2
4 vs 4 Defense
Defense Defense Time % Phy DF OF
1 Jarred Tinordi Stefan Elliott 60 1 2 2
2 Steven Kampfer Joel Edmundson 40 1 2 2
Last Minutes Offensive
Center Left Wing Right Wing Defense Defense
Jonathan Marchessault Tomas Tatar Mark Mancari Jarred Tinordi Stefan Elliott
Last Minutes Defensive
Center Left Wing Right Wing Defense Defense
Jonathan Marchessault Tomas Tatar Mark Mancari Jarred Tinordi Stefan Elliott
Goaltenders
Starting : Marek Mazanek
Backup : Darcy Kuemper
Extra Forwards
Normal : Martin Frk, Dmitrij Jaskin, Anthony Duclair - PP : Martin Frk, Dmitrij Jaskin - PK : Anthony Duclair
Extra Defensemen
Normal : John Ramage, Connor Carrick, Xavier Ouellet - PP : John Ramage - PK : Connor Carrick, Xavier Ouellet
Penalty Shots
Mark Mancari, Tomas Tatar, Erik Condra, Jonathan Marchessault, Daniel Carr
Scratches
Vincent Trocheck (Healthy), Dominik Kubalik (Healthy), Ryan Murphy (Healthy), Josh Archibald (Healthy), Chris Calhan (Healthy)
Jared McCann (Abdominal Strain Injury), Mark Friedman (Healthy), Michael Dal Colle (Healthy), Matteson Iacopelli (Healthy), Sergei Kostenko (Healthy)
Antoine Bibeau (Healthy)
Griffins
5 vs 5 Forward
Center Left Wing Right Wing Time % Phy DF OF
1 Nathan Gerbe Marko Dano Tye McGinn 38 0 2 3
2 Dylan Larkin Teuvo Teravainen Ben Hanowski 35 0 2 3
3 Brendan Woods Anton Slepyshev Brandon Pirri 17 0 2 3
4 Rourke Chartier Sonny Milano Nicholas Baptiste 10 0 2 3
5 vs 5 Defense
Defense Defense Time % Phy DF OF
1 Simon Despres Haydn Fleury 40 0 3 2
2 Marcus Pettersson Petter Granberg 30 0 3 2
3 Phil Oreskovic Mirco Mueller 15 0 3 2
4 Ian McCoshen Gord Baldwin 15 0 3 2
PowerPlay Forward
Center Left Wing Right Wing Time % Phy DF OF
1 Marko Dano Teuvo Teravainen Tye McGinn 60 0 1 4
2 Dylan Larkin Anton Slepyshev Ben Hanowski 40 0 1 4
PowerPlay Defense
Defense Defense Time % Phy DF OF
1 Simon Despres Marcus Pettersson 60 0 2 3
2 Phil Oreskovic Petter Granberg 40 0 2 3
Penalty Kill 4 Players Forward
Center Wing Time % Phy DF OF
1 Tye McGinn Brendan Woods 60 0 4 1
2 Marko Dano Ben Hanowski 40 0 4 1
Penalty Kill 4 Players Defense
Defense Defense Time % Phy DF OF
1 Gord Baldwin Haydn Fleury 60 1 2 2
2 Phil Oreskovic Mirco Mueller 40 1 2 2
Penalty Kill - 3 Players Forward
Forward Time % Phy DF OF
1 Brendan Woods 60 0 4 1
2 Ben Hanowski 40 0 4 1
Penalty Kill - 3 Players Defense
Defense Defense Time % Phy DF OF
1 Gord Baldwin Haydn Fleury 60 1 2 2
2 Phil Oreskovic Mirco Mueller 40 1 2 2
4 vs 4 Forward
Center Wing Time % Phy DF OF
1 Marko Dano Tye McGinn 60 0 2 3
2 Dylan Larkin Teuvo Teravainen 40 0 2 3
4 vs 4 Defense
Defense Defense Time % Phy DF OF
1 Gord Baldwin Petter Granberg 60 0 3 2
2 Marcus Pettersson Phil Oreskovic 40 0 3 2
Last Minutes Offensive
Center Left Wing Right Wing Defense Defense
Marko Dano Teuvo Teravainen Tye McGinn Marcus Pettersson Simon Despres
Last Minutes Defensive
Center Left Wing Right Wing Defense Defense
Marko Dano Brendan Woods Ben Hanowski Haydn Fleury Phil Oreskovic
Goaltenders
Starting : Olivier Roy
Backup : Igor Shesterkin
Extra Forwards
Normal : Marko Dano, Dylan Larkin, Nathan Gerbe - PP : Nathan Gerbe, Brandon Pirri - PK : Brandon Pirri
Extra Defensemen
Normal : Simon Despres, Marcus Pettersson, Haydn Fleury - PP : Haydn Fleury - PK : Petter Granberg, Marcus Pettersson
Penalty Shots
Dylan Larkin, Nathan Gerbe, Rourke Chartier, Sonny Milano, Marko Dano
Scratches
Tobias Rieder (Right Foot Injury), Vladislav Namestnikov (Healthy), Garrett Wilson (Healthy), Tanner Kero (Healthy), Greg McKegg (Healthy)
Konrad Abeltshauser (Healthy), Tomas Hyka (Healthy), Michael Bunting (Healthy), Danny Kristo (Healthy), Ryan Mantha (Healthy)
Jack Ramsey (Healthy), Marcus Hogberg (Healthy), Hayden Hawkey (Healthy)
% Time on Ice - Sewer Rats
Lines # - Real PCT - Wanted PCT - Time Play
Normal Forward
1 - 29% - 40% - 14:10
2 - 30% - 30% - 14:34
3 - 25% - 20% - 12:03
4 - 15% - 10% - 7:19
Normal Defense
1 - 38% - 40% - 18:10
2 - 28% - 30% - 13:29
3 - 22% - 20% - 10:32
4 - 12% - 10% - 5:55
PP Forward
1 - 60% - 60% - 3:34
2 - 40% - 40% - 2:23
PP Defense
1 - 52% - 60% - 3:05
2 - 48% - 40% - 2:52
PK Forward
1 - 80% - 60% - 4:45
2 - 20% - 40% - 1:12
PK Defense
1 - 56% - 60% - 3:21
2 - 44% - 40% - 2:36
PK3 Forward
1 - 0% - 60%
2 - 0% - 40%
PK3 Defense
1 - 0% - 60%
2 - 0% - 40%
44 Forward
1 - 0% - 60%
2 - 0% - 40%
44 Defense
1 - 0% - 60%
2 - 0% - 40%
Last Minute Offensive - 0:00
Last Minute Defensive - 0:00
Total
Forward - 60:00
Defense - 60:00
|
% Time on Ice - Griffins
Lines # - Real PCT - Wanted PCT - Time Play
Normal Forward
1 - 31% - 38% - 14:49
2 - 27% - 35% - 13:03
3 - 23% - 17% - 10:57
4 - 19% - 10% - 9:17
Normal Defense
1 - 39% - 40% - 18:33
2 - 29% - 30% - 14:04
3 - 15% - 15% - 7:19
4 - 17% - 15% - 8:10
PP Forward
1 - 68% - 60% - 4:01
2 - 32% - 40% - 1:56
PP Defense
1 - 42% - 60% - 2:29
2 - 58% - 40% - 3:28
PK Forward
1 - 74% - 60% - 4:24
2 - 26% - 40% - 1:33
PK Defense
1 - 54% - 60% - 3:12
2 - 46% - 40% - 2:45
PK3 Forward
1 - 0% - 60%
2 - 0% - 40%
PK3 Defense
1 - 0% - 60%
2 - 0% - 40%
44 Forward
1 - 0% - 60%
2 - 0% - 40%
44 Defense
1 - 0% - 60%
2 - 0% - 40%
Last Minute Offensive - 0:00
Last Minute Defensive - 0:00
Total
Forward - 60:00
Defense - 60:00
|
Play-by-Play
1st period
0:01 of 1st period - Jonathan Marchessault wins face-off versus Nathan Gerbe in neutral zone.
0:10 of 1st period - Snap shot by Jonathan Marchessault.
0:10 of 1st period - Shot Misses the Net.
0:14 of 1st period - Slapshot by Tomas Tatar.
0:14 of 1st period - Shot Blocked by Haydn Fleury.
0:16 of 1st period - Snap shot by Jonathan Marchessault.
0:16 of 1st period - Stopped by Olivier Roy with a rebound.
0:26 of 1st period - Erik Condra is hit by Haydn Fleury and loses puck.
0:47 of 1st period - Slapshot by Brandon Pirri.
0:47 of 1st period - Stopped by Marek Mazanek without a rebound.
0:48 of 1st period - Brendan Woods wins face-off versus Tyler Motte in Sewer Rats zone.
0:58 of 1st period - Wrist shot by Brandon Pirri.
0:58 of 1st period - Stopped by Marek Mazanek without a rebound.
0:59 of 1st period - Rourke Chartier wins face-off versus Mark Mancari in Sewer Rats zone.
1:02 of 1st period - Snap shot by Sonny Milano.
1:02 of 1st period - Deflect By Xavier Ouellet.
1:02 of 1st period - Shot Blocked by Dmitrij Jaskin.
1:02 of 1st period - Puck is out of play.
1:03 of 1st period - Mark Mancari wins face-off versus Rourke Chartier in Sewer Rats zone.
1:07 of 1st period - Off-side.
1:08 of 1st period - Dmitrij Jaskin wins face-off versus Sonny Milano in neutral zone.
1:11 of 1st period - Snap shot by Mark Mancari.
1:11 of 1st period - Shot Blocked by Mirco Mueller.
1:23 of 1st period - Mirco Mueller is hit by Mark Mancari.
1:29 of 1st period - Mark Mancari is hit by Nicholas Baptiste and loses puck.
1:36 of 1st period - Backhand shot by Rourke Chartier.
1:36 of 1st period - Shot Misses the Net.
1:38 of 1st period - Snap shot by Nicholas Baptiste.
1:38 of 1st period - Stopped by Marek Mazanek without a rebound.
1:39 of 1st period - Nick Cousins wins face-off versus Dylan Larkin in Sewer Rats zone.
1:48 of 1st period - Snap shot by Daniel Carr.
1:48 of 1st period - Stopped by Olivier Roy with a rebound.
2:25 of 1st period - Slapshot by Steven Kampfer.
2:25 of 1st period - Deflect By Martin Frk.
2:25 of 1st period - Shot Misses the Net.
2:25 of 1st period - Puck is out of play.
2:26 of 1st period - Brendan Woods wins face-off versus Tyler Motte in Griffins zone.
2:33 of 1st period - Backhand shot by Anton Slepyshev.
2:33 of 1st period - Shot Misses the Net.
2:51 of 1st period - Wrist shot by Mark Mancari.
2:51 of 1st period - Shot Blocked by Simon Despres.
2:53 of 1st period - Slapshot by Steven Kampfer.
2:53 of 1st period - Stopped by Olivier Roy without a rebound.
2:54 of 1st period - Nathan Gerbe wins face-off versus Jonathan Marchessault in Griffins zone.
2:54 of 1st period - Nathan Gerbe is hit by Jonathan Marchessault.
3:02 of 1st period - Tye McGinn is hit by Connor Carrick and loses puck.
3:19 of 1st period - John Ramage is hit by Petter Granberg and loses puck.
3:26 of 1st period - Wrist shot by Dylan Larkin.
3:26 of 1st period - Stopped by Marek Mazanek with a rebound.
3:31 of 1st period - Off-side.
3:32 of 1st period - Anton Slepyshev wins face-off versus Nick Cousins in neutral zone.
3:37 of 1st period - Snap shot by Brandon Pirri.
3:37 of 1st period - Stopped by Marek Mazanek without a rebound.
3:38 of 1st period - Nick Cousins wins face-off versus Brendan Woods in Sewer Rats zone.
4:05 of 1st period - Snap shot by Dylan Larkin.
4:05 of 1st period - Shot Misses the Net.
4:07 of 1st period - Slapshot by Simon Despres.
4:07 of 1st period - Stopped by Marek Mazanek with a rebound.
4:09 of 1st period - Snap shot by Dylan Larkin.
4:09 of 1st period - Stopped by Marek Mazanek without a rebound.
4:10 of 1st period - Nathan Gerbe wins face-off versus Tyler Motte in Sewer Rats zone.
4:13 of 1st period - Snap shot by Tye McGinn.
4:13 of 1st period - Deflect By Marko Dano.
4:13 of 1st period - Shot Misses the Net.
4:13 of 1st period - Puck is out of play.
4:14 of 1st period - Tyler Motte wins face-off versus Nathan Gerbe in Sewer Rats zone.
5:06 of 1st period - Snap shot by Sonny Milano.
5:06 of 1st period - Shot Blocked by Joel Edmundson.
5:08 of 1st period - Slapshot by Gord Baldwin.
5:08 of 1st period - Shot Blocked by Steven Kampfer.
5:35 of 1st period - Wrist shot by Mark Mancari.
5:35 of 1st period - Stopped by Olivier Roy with a rebound.
5:41 of 1st period - Slapshot by Mark Mancari.
5:41 of 1st period - Stopped by Olivier Roy without a rebound.
5:42 of 1st period - Ben Hanowski wins face-off versus Nick Cousins in Griffins zone.
6:13 of 1st period - Off-side.
6:14 of 1st period - Rourke Chartier wins face-off versus Martin Frk in neutral zone.
6:43 of 1st period - Backhand shot by Sonny Milano.
6:43 of 1st period - Deflect By Rourke Chartier.
6:43 of 1st period - Shot Blocked by Stefan Elliott.
6:43 of 1st period - Puck is out of play.
6:44 of 1st period - Jonathan Marchessault wins face-off versus Nathan Gerbe in Sewer Rats zone.
7:11 of 1st period - Ben Hanowski is hit by Xavier Ouellet and loses puck.
8:18 of 1st period - Backhand shot by Erik Condra.
8:18 of 1st period - Goal by Erik Condra - Sewer Rats : 1 - Griffins : 0.
8:19 of 1st period - Mark Mancari wins face-off versus Dylan Larkin in neutral zone.
8:52 of 1st period - Backhand shot by Tye McGinn.
8:52 of 1st period - Shot Blocked by Steven Kampfer.
9:08 of 1st period - Slapshot by Steven Kampfer.
9:08 of 1st period - Shot Blocked by Haydn Fleury.
9:10 of 1st period - Slapshot by Joel Edmundson.
9:10 of 1st period - Shot Misses the Net.
9:52 of 1st period - Slapshot by Anton Slepyshev.
9:52 of 1st period - Stopped by Marek Mazanek with a rebound.
9:54 of 1st period - Slapshot by Haydn Fleury.
9:54 of 1st period - Deflect By Anton Slepyshev.
9:54 of 1st period - Shot Misses the Net.
9:54 of 1st period - Puck is out of play.
9:55 of 1st period - Dylan Larkin wins face-off versus Nick Cousins in Sewer Rats zone.
9:58 of 1st period - Wrist shot by Dylan Larkin.
9:58 of 1st period - Stopped by Marek Mazanek with a rebound.
10:00 of 1st period - Minor Penalty to Erik Condra for Tripping.
10:01 of 1st period - Marko Dano wins face-off versus Mark Mancari in Sewer Rats zone.
10:02 of 1st period - Slapshot by Tye McGinn.
10:02 of 1st period - Deflect By Marko Dano.
10:02 of 1st period - Shot Blocked by Stefan Elliott.
10:02 of 1st period - Puck is out of play.
10:03 of 1st period - Mark Mancari wins face-off versus Tye McGinn in Sewer Rats zone.
10:28 of 1st period - Stefan Elliott is hit by Tye McGinn and loses puck.
10:44 of 1st period - Wrist shot by Tye McGinn.
10:44 of 1st period - Shot Misses the Net.
11:00 of 1st period - Wrist shot by Marko Dano.
11:00 of 1st period - Shot Blocked by Mark Mancari.
11:02 of 1st period - Wrist shot by Tye McGinn.
11:02 of 1st period - Shot Misses the Net.
11:40 of 1st period - Snap shot by Tye McGinn.
11:40 of 1st period - Shot Misses the Net.
11:42 of 1st period - Slapshot by Phil Oreskovic.
11:42 of 1st period - Stopped by Marek Mazanek with a rebound.
11:44 of 1st period - Slapshot by Petter Granberg.
11:44 of 1st period - Shot Misses the Net.
11:46 of 1st period - Wrist shot by Teuvo Teravainen.
11:46 of 1st period - Stopped by Marek Mazanek without a rebound.
11:47 of 1st period - Nick Cousins wins face-off versus Ben Hanowski in Sewer Rats zone.
12:00 of 1st period - Penalty to Erik Condra is over, Erik Condra is back on ice.
12:04 of 1st period - Off-side.
12:05 of 1st period - Nick Cousins wins face-off versus Rourke Chartier in neutral zone.
12:51 of 1st period - Wrist shot by Brandon Pirri.
12:51 of 1st period - Stopped by Marek Mazanek without a rebound.
12:52 of 1st period - Mark Mancari wins face-off versus Dylan Larkin in Sewer Rats zone.
13:16 of 1st period - Erik Condra is hit by Anton Slepyshev and loses puck.
13:23 of 1st period - Snap shot by Anton Slepyshev.
13:23 of 1st period - Goal by Anton Slepyshev - Sewer Rats : 1 - Griffins : 1.
13:24 of 1st period - Jonathan Marchessault wins face-off versus Nathan Gerbe in neutral zone.
13:32 of 1st period - Backhand shot by Tomas Tatar.
13:32 of 1st period - Stopped by Olivier Roy without a rebound.
13:33 of 1st period - Jonathan Marchessault wins face-off versus Nathan Gerbe in Griffins zone.
13:38 of 1st period - Snap shot by Mark Mancari.
13:38 of 1st period - Stopped by Olivier Roy with a rebound.
14:14 of 1st period - Snap shot by Tomas Tatar.
14:14 of 1st period - Shot Blocked by Marcus Pettersson.
14:16 of 1st period - Backhand shot by Jarred Tinordi.
14:16 of 1st period - Stopped by Olivier Roy without a rebound.
14:17 of 1st period - Dylan Larkin wins face-off versus Nick Cousins in Griffins zone.
14:31 of 1st period - Wrist shot by Teuvo Teravainen.
14:31 of 1st period - Shot Blocked by Daniel Carr.
14:33 of 1st period - Slapshot by Phil Oreskovic.
14:33 of 1st period - Shot Misses the Net.
14:43 of 1st period - Mirco Mueller is hit by Anthony Duclair and loses puck.
15:41 of 1st period - Wrist shot by Nathan Gerbe.
15:41 of 1st period - Shot Misses the Net.
15:43 of 1st period - Slapshot by Simon Despres.
15:43 of 1st period - Stopped by Marek Mazanek with a rebound.
15:45 of 1st period - Slapshot by Simon Despres.
15:45 of 1st period - Deflect By Marko Dano.
15:45 of 1st period - Shot Misses the Net.
15:45 of 1st period - Puck is out of play.
15:46 of 1st period - Jonathan Marchessault wins face-off versus Dylan Larkin in Sewer Rats zone.
15:46 of 1st period - Jonathan Marchessault is hit by Petter Granberg.
16:11 of 1st period - Marcus Pettersson is hit by Jarred Tinordi and loses puck.
16:34 of 1st period - Anthony Duclair is hit by Anton Slepyshev and loses puck.
16:50 of 1st period - Icing by Joel Edmundson.
16:51 of 1st period - Jonathan Marchessault wins face-off versus Rourke Chartier in Sewer Rats zone.
17:06 of 1st period - Snap shot by Nick Cousins.
17:06 of 1st period - Stopped by Olivier Roy with a rebound.
17:20 of 1st period - Snap shot by Mark Mancari.
17:20 of 1st period - Stopped by Olivier Roy with a rebound.
17:22 of 1st period - Snap shot by Tomas Tatar.
17:22 of 1st period - Deflect By Jonathan Marchessault.
17:22 of 1st period - Shot Misses the Net.
17:22 of 1st period - Puck is out of play.
17:23 of 1st period - Dylan Larkin wins face-off versus Jonathan Marchessault in Griffins zone.
17:36 of 1st period - Slapshot by Dylan Larkin.
17:36 of 1st period - Shot Misses the Net.
18:20 of 1st period - Slapshot by Erik Condra.
18:20 of 1st period - Stopped by Olivier Roy with a rebound.
18:22 of 1st period - Wrist shot by Erik Condra.
18:22 of 1st period - Shot Misses the Net.
18:55 of 1st period - Off-side.
18:56 of 1st period - Rourke Chartier wins face-off versus Tyler Motte in neutral zone.
19:54 of 1st period - Phil Oreskovic is hit by Joel Edmundson and loses puck.
Goals for this period are 1 for Sewer Rats vs 1 for Griffins.
Shots for this period are 12 for Sewer Rats vs 14 for Griffins.
2nd period
0:01 of 2nd period - Nathan Gerbe wins face-off versus Jonathan Marchessault in neutral zone.
0:10 of 2nd period - Off-side.
0:11 of 2nd period - Jonathan Marchessault wins face-off versus Nathan Gerbe in neutral zone.
0:45 of 2nd period - Daniel Carr is hit by Ben Hanowski.
1:41 of 2nd period - Daniel Carr is hit by Sonny Milano.
2:09 of 2nd period - Wrist shot by Martin Frk.
2:09 of 2nd period - Stopped by Olivier Roy without a rebound.
2:10 of 2nd period - Brendan Woods wins face-off versus Tyler Motte in Griffins zone.
2:25 of 2nd period - Slapshot by Brandon Pirri.
2:25 of 2nd period - Stopped by Marek Mazanek without a rebound.
2:26 of 2nd period - Nathan Gerbe wins face-off versus Jonathan Marchessault in Sewer Rats zone.
4:58 of 2nd period - Snap shot by Jonathan Marchessault.
4:58 of 2nd period - Shot Misses the Net.
5:10 of 2nd period - Snap shot by Nick Cousins.
5:10 of 2nd period - Shot Blocked by Simon Despres.
5:20 of 2nd period - Snap shot by Sonny Milano.
5:20 of 2nd period - Deflect By Nicholas Baptiste.
5:20 of 2nd period - Shot Blocked by Steven Kampfer.
5:20 of 2nd period - Puck is out of play.
5:21 of 2nd period - Joseph Blandisi wins face-off versus Nathan Gerbe in Sewer Rats zone.
5:34 of 2nd period - Minor Penalty to Nathan Gerbe for Roughing.
5:35 of 2nd period - Tye McGinn wins face-off versus Jonathan Marchessault in Griffins zone.
5:48 of 2nd period - Slapshot by Tomas Tatar.
5:48 of 2nd period - Stopped by Olivier Roy without a rebound.
5:49 of 2nd period - Tye McGinn wins face-off versus Jonathan Marchessault in Griffins zone.
6:00 of 2nd period - Snap shot by Mark Mancari.
6:00 of 2nd period - Shot Blocked by Haydn Fleury.
7:34 of 2nd period - Penalty to Nathan Gerbe is over, Nathan Gerbe is back on ice.
8:02 of 2nd period - Dmitrij Jaskin is hit by Ben Hanowski.
8:08 of 2nd period - Ben Hanowski is hit by Dmitrij Jaskin and loses puck.
8:23 of 2nd period - Tyler Motte is hit by Phil Oreskovic.
8:50 of 2nd period - Slapshot by Stefan Elliott.
8:50 of 2nd period - Deflect By Martin Frk.
8:50 of 2nd period - Shot Blocked by Mirco Mueller.
8:50 of 2nd period - Puck is out of play.
8:51 of 2nd period - Nick Cousins wins face-off versus Dylan Larkin in Griffins zone.
9:02 of 2nd period - Wrist shot by Ben Hanowski.
9:02 of 2nd period - Stopped by Marek Mazanek with a rebound.
9:04 of 2nd period - Snap shot by Dylan Larkin.
9:04 of 2nd period - Stopped by Marek Mazanek without a rebound.
9:05 of 2nd period - Jonathan Marchessault wins face-off versus Nathan Gerbe in Sewer Rats zone.
10:09 of 2nd period - Nathan Gerbe is hit by Mark Mancari and loses puck.
10:16 of 2nd period - Nathan Gerbe is hit by John Ramage and loses puck.
10:31 of 2nd period - Snap shot by Nick Cousins.
10:31 of 2nd period - Stopped by Olivier Roy with a rebound.
10:33 of 2nd period - Wrist shot by Nick Cousins.
10:33 of 2nd period - Stopped by Olivier Roy without a rebound.
10:34 of 2nd period - Rourke Chartier wins face-off versus Nick Cousins in Griffins zone.
10:59 of 2nd period - Stefan Elliott is hit by Marko Dano and loses puck.
12:01 of 2nd period - Wrist shot by Tye McGinn.
12:01 of 2nd period - Shot Misses the Net.
12:55 of 2nd period - Snap shot by Daniel Carr.
12:55 of 2nd period - Stopped by Olivier Roy with a rebound.
13:51 of 2nd period - Snap shot by Dylan Larkin.
13:51 of 2nd period - Deflect By Ben Hanowski.
13:51 of 2nd period - Shot Blocked by Tomas Tatar.
13:51 of 2nd period - Puck is out of play.
13:52 of 2nd period - Nathan Gerbe wins face-off versus Jonathan Marchessault in Sewer Rats zone.
14:29 of 2nd period - Wrist shot by Marko Dano.
14:29 of 2nd period - Shot Misses the Net.
14:31 of 2nd period - Slapshot by Simon Despres.
14:31 of 2nd period - Shot Blocked by Stefan Elliott.
14:33 of 2nd period - Slapshot by Haydn Fleury.
14:33 of 2nd period - Stopped by Marek Mazanek with a rebound.
14:35 of 2nd period - Snap shot by Simon Despres.
14:35 of 2nd period - Deflect By Tye McGinn.
14:35 of 2nd period - Shot Hit the Post.
14:35 of 2nd period - Puck is out of play.
14:36 of 2nd period - Nick Cousins wins face-off versus Dylan Larkin in Sewer Rats zone.
14:53 of 2nd period - Petter Granberg is hit by Erik Condra and loses puck.
15:30 of 2nd period - Wrist shot by Martin Frk.
15:30 of 2nd period - Shot Misses the Net.
15:32 of 2nd period - Slapshot by Anthony Duclair.
15:32 of 2nd period - Stopped by Olivier Roy with a rebound.
16:25 of 2nd period - Slapshot by Sonny Milano.
16:25 of 2nd period - Shot Hit the Post.
16:27 of 2nd period - Wrist shot by Rourke Chartier.
16:27 of 2nd period - Stopped by Marek Mazanek with a rebound.
16:29 of 2nd period - Slapshot by Gord Baldwin.
16:29 of 2nd period - Shot Misses the Net.
16:31 of 2nd period - Slapshot by Ian McCoshen.
16:31 of 2nd period - Deflect By Sonny Milano.
16:31 of 2nd period - Stopped by Marek Mazanek without a rebound.
16:32 of 2nd period - Nathan Gerbe wins face-off versus Tomas Tatar in Sewer Rats zone.
16:33 of 2nd period - Slapshot by Tye McGinn.
16:33 of 2nd period - Shot Blocked by Jarred Tinordi.
16:35 of 2nd period - Snap shot by Tye McGinn.
16:35 of 2nd period - Shot Misses the Net.
16:37 of 2nd period - Slapshot by Marko Dano.
16:37 of 2nd period - Shot Blocked by Stefan Elliott.
16:39 of 2nd period - Snap shot by Simon Despres.
16:39 of 2nd period - Stopped by Marek Mazanek without a rebound.
16:40 of 2nd period - Nathan Gerbe wins face-off versus Jonathan Marchessault in Sewer Rats zone.
16:45 of 2nd period - Snap shot by Marko Dano.
16:45 of 2nd period - Shot Hit the Post.
16:47 of 2nd period - Wrist shot by Nathan Gerbe.
16:47 of 2nd period - Goal by Nathan Gerbe - Sewer Rats : 1 - Griffins : 2.
16:48 of 2nd period - Jonathan Marchessault wins face-off versus Dylan Larkin in neutral zone.
16:59 of 2nd period - Wrist shot by Dylan Larkin.
16:59 of 2nd period - Shot Blocked by Stefan Elliott.
17:36 of 2nd period - Off-side.
17:37 of 2nd period - Brendan Woods wins face-off versus Tyler Motte in neutral zone.
17:44 of 2nd period - Jarred Tinordi is hit by Anton Slepyshev and loses puck.
17:54 of 2nd period - Minor Penalty to Tyler Motte for Hooking.
17:55 of 2nd period - Marko Dano wins face-off versus Mark Mancari in Sewer Rats zone.
18:09 of 2nd period - Snap shot by Mark Mancari.
18:09 of 2nd period - Stopped by Olivier Roy with a rebound.
18:43 of 2nd period - Snap shot by Tomas Tatar.
18:43 of 2nd period - Stopped by Olivier Roy with a rebound.
18:45 of 2nd period - Snap shot by Erik Condra.
18:45 of 2nd period - Shot Hit the Post.
18:47 of 2nd period - Wrist shot by Erik Condra.
18:47 of 2nd period - Stopped by Olivier Roy with a rebound.
19:54 of 2nd period - Penalty to Tyler Motte is over, Tyler Motte is back on ice.
Goals for this period are 0 for Sewer Rats vs 1 for Griffins.
Shots for this period are 9 for Sewer Rats vs 8 for Griffins.
3rd period
0:01 of 3rd period - Dylan Larkin wins face-off versus Jonathan Marchessault in neutral zone.
0:13 of 3rd period - Snap shot by Dylan Larkin.
0:13 of 3rd period - Shot Misses the Net.
0:15 of 3rd period - Snap shot by Ben Hanowski.
0:15 of 3rd period - Stopped by Marek Mazanek with a rebound.
0:25 of 3rd period - Tye McGinn is hit by Daniel Carr and loses puck.
0:46 of 3rd period - Marcus Pettersson is hit by Tyler Motte.
0:47 of 3rd period - Icing by Marcus Pettersson.
0:48 of 3rd period - Brendan Woods wins face-off versus Tyler Motte in Griffins zone.
1:01 of 3rd period - Anton Slepyshev is hit by Tyler Motte and loses puck.
1:10 of 3rd period - Backhand shot by Brandon Pirri.
1:10 of 3rd period - Deflect By Brendan Woods.
1:10 of 3rd period - Stopped by Marek Mazanek with a rebound.
1:12 of 3rd period - Snap shot by Petter Granberg.
1:12 of 3rd period - Shot Misses the Net.
1:22 of 3rd period - Snap shot by Martin Frk.
1:22 of 3rd period - Stopped by Olivier Roy without a rebound.
1:23 of 3rd period - Dylan Larkin wins face-off versus Jonathan Marchessault in Griffins zone.
1:23 of 3rd period - Dylan Larkin is hit by Tomas Tatar.
1:31 of 3rd period - Slapshot by Mark Mancari.
1:31 of 3rd period - Shot Misses the Net.
1:33 of 3rd period - Slapshot by Steven Kampfer.
1:33 of 3rd period - Shot Blocked by Dylan Larkin.
1:35 of 3rd period - Slapshot by Tomas Tatar.
1:35 of 3rd period - Deflect By Teuvo Teravainen.
1:35 of 3rd period - Shot Misses the Net.
1:35 of 3rd period - Puck is out of play.
1:36 of 3rd period - Jonathan Marchessault wins face-off versus Nathan Gerbe in Griffins zone.
1:45 of 3rd period - Wrist shot by Marko Dano.
1:45 of 3rd period - Shot Blocked by Stefan Elliott.
1:47 of 3rd period - Wrist shot by Haydn Fleury.
1:47 of 3rd period - Shot Misses the Net.
1:49 of 3rd period - Wrist shot by Tye McGinn.
1:49 of 3rd period - Stopped by Marek Mazanek with a rebound.
3:14 of 3rd period - Snap shot by Erik Condra.
3:14 of 3rd period - Stopped by Olivier Roy without a rebound.
3:15 of 3rd period - Nick Cousins wins face-off versus Dylan Larkin in Griffins zone.
3:22 of 3rd period - Snap shot by Ben Hanowski.
3:22 of 3rd period - Stopped by Marek Mazanek without a rebound.
3:23 of 3rd period - Dylan Larkin wins face-off versus Jonathan Marchessault in Sewer Rats zone.
3:30 of 3rd period - Snap shot by Dylan Larkin.
3:30 of 3rd period - Shot Hit the Post.
3:32 of 3rd period - Snap shot by Simon Despres.
3:32 of 3rd period - Stopped by Marek Mazanek with a rebound.
3:34 of 3rd period - Slapshot by Ben Hanowski.
3:34 of 3rd period - Shot Misses the Net.
3:36 of 3rd period - Slapshot by Haydn Fleury.
3:36 of 3rd period - Shot Misses the Net.
3:38 of 3rd period - Wrist shot by Simon Despres.
3:38 of 3rd period - Goal by Simon Despres - Sewer Rats : 1 - Griffins : 3.
3:39 of 3rd period - Jonathan Marchessault wins face-off versus Tye McGinn in neutral zone.
4:04 of 3rd period - Daniel Carr is hit by Brendan Woods and loses puck.
4:42 of 3rd period - Minor Penalty to Simon Despres for Roughing.
4:43 of 3rd period - Tye McGinn wins face-off versus Jonathan Marchessault in Griffins zone.
4:43 of 3rd period - Tye McGinn is hit by Jonathan Marchessault.
5:29 of 3rd period - Slapshot by Marko Dano.
5:29 of 3rd period - Stopped by Marek Mazanek with a rebound.
5:39 of 3rd period - Haydn Fleury is hit by Steven Kampfer and loses puck.
6:42 of 3rd period - Penalty to Simon Despres is over, Simon Despres is back on ice.
6:42 of 3rd period - Snap shot by Daniel Carr.
6:42 of 3rd period - Shot Misses the Net.
6:44 of 3rd period - Snap shot by Erik Condra.
6:44 of 3rd period - Shot Blocked by Phil Oreskovic.
6:52 of 3rd period - Snap shot by Marko Dano.
6:52 of 3rd period - Shot Hit the Post.
7:06 of 3rd period - Snap shot by Petter Granberg.
7:06 of 3rd period - Stopped by Marek Mazanek with a rebound.
8:34 of 3rd period - Tyler Motte is hit by Haydn Fleury and loses puck.
9:19 of 3rd period - Wrist shot by Sonny Milano.
9:19 of 3rd period - Shot Blocked by Steven Kampfer.
10:26 of 3rd period - Snap shot by Nathan Gerbe.
10:26 of 3rd period - Shot Misses the Net.
10:28 of 3rd period - Wrist shot by Nathan Gerbe.
10:28 of 3rd period - Stopped by Marek Mazanek with a rebound.
10:50 of 3rd period - Backhand shot by Brendan Woods.
10:50 of 3rd period - Stopped by Marek Mazanek without a rebound.
10:51 of 3rd period - Jonathan Marchessault wins face-off versus Dylan Larkin in Sewer Rats zone.
11:10 of 3rd period - Minor Penalty to Nathan Gerbe for Interference.
11:11 of 3rd period - Nick Cousins wins face-off versus Tye McGinn in Griffins zone.
11:12 of 3rd period - Slapshot by Stefan Elliott.
11:12 of 3rd period - Shot Blocked by Gord Baldwin.
11:14 of 3rd period - Snap shot by Stefan Elliott.
11:14 of 3rd period - Shot Misses the Net.
11:16 of 3rd period - Wrist shot by Nick Cousins.
11:16 of 3rd period - Stopped by Olivier Roy with a rebound.
11:18 of 3rd period - Snap shot by Erik Condra.
11:18 of 3rd period - Stopped by Olivier Roy with a rebound.
11:20 of 3rd period - Wrist shot by Stefan Elliott.
11:20 of 3rd period - Stopped by Olivier Roy without a rebound.
11:21 of 3rd period - Nick Cousins wins face-off versus Tye McGinn in Griffins zone.
11:38 of 3rd period - Wrist shot by Stefan Elliott.
11:38 of 3rd period - Deflect By Gord Baldwin.
11:38 of 3rd period - Stopped by Olivier Roy without a rebound.
11:39 of 3rd period - Jonathan Marchessault wins face-off versus Tye McGinn in Griffins zone.
12:29 of 3rd period - Wrist shot by Ben Hanowski.
12:29 of 3rd period - Shot Misses the Net.
12:45 of 3rd period - Brendan Woods is hit by Nick Cousins and loses puck.
12:56 of 3rd period - Slapshot by Phil Oreskovic.
12:56 of 3rd period - Stopped by Marek Mazanek with a rebound.
13:02 of 3rd period - Jonathan Marchessault is hit by Mirco Mueller and loses puck.
13:10 of 3rd period - Penalty to Nathan Gerbe is over, Nathan Gerbe is back on ice.
13:15 of 3rd period - Haydn Fleury is hit by Tyler Motte and loses puck.
13:24 of 3rd period - Snap shot by Tyler Motte.
13:24 of 3rd period - Shot Blocked by Teuvo Teravainen.
13:42 of 3rd period - Slapshot by Sonny Milano.
13:42 of 3rd period - Shot Misses the Net.
14:06 of 3rd period - Wrist shot by Nick Cousins.
14:06 of 3rd period - Stopped by Olivier Roy with a rebound.
14:08 of 3rd period - Wrist shot by Nick Cousins.
14:08 of 3rd period - Shot Blocked by Brandon Pirri.
14:10 of 3rd period - Wrist shot by Xavier Ouellet.
14:10 of 3rd period - Shot Misses the Net.
16:20 of 3rd period - Off-side.
16:21 of 3rd period - Nathan Gerbe wins face-off versus Anthony Duclair in neutral zone.
16:28 of 3rd period - Wrist shot by Marko Dano.
16:28 of 3rd period - Shot Misses the Net.
16:34 of 3rd period - Snap shot by Tye McGinn.
16:34 of 3rd period - Stopped by Marek Mazanek without a rebound.
16:35 of 3rd period - Jonathan Marchessault wins face-off versus Nathan Gerbe in Sewer Rats zone.
16:37 of 3rd period - Minor Penalty to Tomas Tatar for Holding.
16:38 of 3rd period - Anthony Duclair wins face-off versus Marko Dano in Sewer Rats zone.
16:38 of 3rd period - Anthony Duclair is hit by Marcus Pettersson.
17:03 of 3rd period - Simon Despres is hit by Jarred Tinordi and loses puck.
18:37 of 3rd period - Penalty to Tomas Tatar is over, Tomas Tatar is back on ice.
Goals for this period are 0 for Sewer Rats vs 1 for Griffins.
Shots for this period are 7 for Sewer Rats vs 12 for Griffins.
Back to the Top